[Event "Stay Safe Play From Home 185"]
[Site "T#646428Emanuel Laske"]
[Date "2020.05.29"]
[Round "3"]
[White "Rogan"]
[Black "Fischer_11"]
[Result "1-0"]
[WhiteElo "2205"]
[BlackElo "2006"]
[Annotator "NA RC"]
[PlyCount "23"]
[EventDate "2020.05.29"]
[EventType "swiss (blitz)"]
[TimeControl "60"]

1. c3 d5 2. d4 c5 3. Nf3 cxd4 4. cxd4 Nc6 5. Bg5 Bg4 6. Ne5 Nxe5 7. dxe5 Qa5+ 8. Nc3 e6 9. Qb3 Qb6 10. e4 Qxb3 11. axb3 d4 12. Bb5# {[%emt 0:00:01] (Lag: Av=0.26s, max=0.3s)} 1-0